 Dungeon Crawl Stone Soup version 0.31-a0-654-gbe3e110b4e (webtiles) character file.

Game seed: 16692173196189610057

3101 Midn8 the Carver (level 9, -7/74 HPs)
             Began as a Vampire Warper on Aug 30, 2023.
             Was a Believer of Ashenzari.
             Mangled by a hornet (12 damage)
             ... on level 8 of the Dungeon.
             The game lasted 00:17:42 (7366 turns).

Midn8 the Carver (Vampire Warper)                   Turns: 7366, Time: 00:17:42

Health: -7/74      AC: 12    Str: 10    XL:     9   Next: 59%
Magic:  10/13      EV: 12    Int: 16    God:    Ashenzari [**....]
Gold:   362        SH:  0    Dex: 17    Spells: 10/14 levels left

rFire   . . .        F - +2 great sword "Unveiling Activism" {protect, Range, Self} (curse)
rCold   . . .        (shield currently unavailable)
rNeg    . . .        t - +0 ring mail of Star-Bound Wisdom {Cun, Melee} (curse)
rPois   .            (no helmet)
rElec   .            (no cloak)
rCorr   .            (no gloves)
SInv    +            y - +2 pair of boots "Loss of Ashenzari" {Dev, Self} (curse)
Will    .....        (no amulet)
Stlth   +            z - +4 ring of protection
HPRegen 0.52/turn    (no ring)
MPRegen 0.13/turn

%: no passive effects
@: healing quickly, slowed, invisible, very slow
A: alive, fangs 3, see invisible, vampiric 2
a: Exsanguinate, Renounce Religion, Curse Item, Shatter the Chains


You were on level 8 of the Dungeon.
You worshipped Ashenzari.
Ashenzari was pleased with you.
You visited 1 branch of the dungeon, and saw 8 of its levels.

You collected 470 gold pieces.
You spent 108 gold pieces at shops.

Inventory:

Hand Weapons
 h - a +0 sling
 D - a +5 vampiric falchion
 F - the cursed +2 great sword "Unveiling Activism" (weapon) {protect, Range, Self}
   (You took it off a wight on level 6 of the Dungeon)

   It has a curse which improves the following skills: Ranged Combat: Ranged
   Weapons and Throwing.
   Introspection: Fighting and Spellcasting.
Missiles
 d - 7 darts of dispersal
 f - 3 atropa-tipped darts
 p - 13 boomerangs
Armour
 a - a +0 buckler
 b - a +0 leather armour
 t - the cursed +0 ring mail of Star-Bound Wisdom (worn) {Cun, Melee}
   (You found it on level 2 of the Dungeon)

   It has a curse which improves the following skills: Cunning: Dodging and
   Stealth.
   Melee Combat: Short Blades, Long Blades, Axes, Maces & Flails, Polearms,
   Staves and Unarmed Combat.
 x - a +0 pair of boots
 y - the cursed +2 pair of boots "Loss of Ashenzari" (worn) {Dev, Self}
   (You found it on level 5 of the Dungeon)

   It has a curse which improves the following skills: Devices: Evocations and
   Shapeshifting.
   Introspection: Fighting and Spellcasting.
 C - the +3 leather armour of Hide-and-Seek {*Slow +Blink Int+7 Slay+3}
   (You found it on level 6 of the Dungeon)

   Int+7:     It affects your intelligence (+7).
   Slay+3:    It affects your accuracy & damage with ranged weapons and melee
   (+3).
   +Blink:    It lets you blink.
   *Slow:     It may slow you when you take damage.
 G - the +10 chain mail "Cunukuir" {rPois}
   (You found it on level 7 of the Dungeon)

   rPois:     It protects you from poison
Jewellery
 z - a +4 ring of protection (left hand)
Talismans
 k - a flux talisman
Scrolls
 c - a scroll of blinking
 i - a scroll of noise
 j - a scroll of torment
 l - a scroll of immolation
 n - a scroll of poison
 r - a scroll of revelation
 u - a scroll of silence
 w - 2 scrolls of teleportation
 A - a scroll of fear
 B - 3 scrolls of amnesia
 E - a scroll of summoning
 H - a scroll of fog
Potions
 g - 2 potions of invisibility
 m - 3 potions of curing
 o - 2 potions of enlightenment
 q - 2 potions of magic
 s - 2 potions of lignification
 v - a potion of brilliance
 I - a potion of heal wounds


   Skills:
 - Level 6.2(8.0) Fighting
 + Level 10.2(11.3) Long Blades
 - Level 0.7(1.3) Throwing
 - Level 0.7 Armour
 - Level 4.3(5.4) Dodging
 - Level 2.0(3.3) Spellcasting
 - Level 5.0 Translocations


You had 10 spell levels left.
You knew the following spells:

 Your Spells              Type           Power      Damage    Failure   Level
b - Lesser Beckoning      Tloc           36%        N/A       10%         2
B - Blink                 Tloc           36%        N/A       10%         2

Your spell library contained the following spells:

 Spells                   Type           Power      Damage    Failure   Level
 Gell's Gravitas          Tloc           18%        N/A       19%         3
 Teleport Other           Tloc           18%        N/A       19%         3
 Foxfire                  Conj/Fire      8%         2x1d4     43%         1
 Kiss of Death            Conj/Necr      8%         2d6       43%         1
 Shock                    Conj/Air       8%         1d3       43%         1
 Sting                    Tmut/Pois      8%         1d3       43%         1
 Manifold Assault         Tloc           18%        N/A       52%         4
 Confusing Touch          Hex            2%         N/A       82%         3
 Dazzling Flash           Conj/Hex       4%         N/A       82%         3
 Summon Guardian Golem    Hex/Summ       2%         N/A       82%         3
 Swiftness                Air            2%         N/A       82%         3
 Vhi's Electric Charge    Tloc/Air       20%        N/A       86%         4
 Airstrike                Air            1%         2d(1-17)  99%         4
 Dispel Undead            Necr           2%         3d7       99%         4
 Orb of Destruction       Conj           1%         9d5       100%        7
 Spellforged Servitor     Conj/Summ      1%         N/A       100%        7


Dungeon Overview and Level Annotations

Branches:
Dungeon (8/15)             Temple (0/1) D:4
   Lair: D:8-11

Altars:
Ashenzari
Fedhas
Gozag
Nemelex Xobeh
Ru
Sif Muna
Trog
Wu Jian

Shops:
D:6 *

Annotations:
D:7 exclusion: 4 doors


Innate Abilities, Weirdness & Mutations

Your natural rate of healing is accelerated.
You have razor-sharp teeth.
You have supernaturally acute eyesight. (SInv)
You are afflicted with vampirism and can become a bat while bloodless.


Message History

You feel stable enough to blink again.
You feel sick. The hornet stings you!
* * * LOW HITPOINT WARNING * * *
You feel as though you will be slow longer.
The hornet stings you but does no damage.
The hornet closely misses you.
Ashenzari invites you to partake of a vision and a curse of companions and cunning.
You feel better. The hornet misses you. The hornet barely misses you.
Unknown command.
You fade into invisibility!
The hornet stings you!
* * * LOW HITPOINT WARNING * * *
You feel as though you will be slow longer.
The hornet stings you but does no damage.
Unknown command.
You barely miss the hornet. Your bite misses the hornet.
The hornet is heavily wounded.
The hornet stings you!
* * * LOW HITPOINT WARNING * * *
You feel as though you will be slow longer.
The hornet completely misses you. The hornet barely misses you.
Unknown command.
Okay, then.
Casting: Blink (safe; 10% risk of failure)
Confirm with . or Enter, or press ? or * to list all spells.
You blink.
Throw: 2 darts (poison)
Press: ? - help, Q - select action, (/) - cycle Shift-Dir - straight line, f/p - hornet
Aim: a hornet (moderately wounded, unable to see you, 48% to hit)
You throw a poisoned dart.
The poisoned dart barely misses the hornet.
Unknown command.
Throw: dart (poison)
Press: ? - help, Q - select action, (/) - cycle Shift-Dir - straight line, f/p - hornet
Aim: a hornet (moderately wounded, unable to see you, 48% to hit)
You throw a poisoned dart. The poisoned dart hits the hornet.
The hornet is moderately wounded.
You feel stable enough to blink again. The hornet stings you!
You die...

##### #...
##############.#
............(..##
...##...........#
............#.(....
...##.#####.#.#y####
#####.# #.# #.@..#
#.# #.# #....# #.#
#..........# #####.#
#(............
......#
#..........###
####### #(.......###
##...#...# ##.......


You could see a hornet (unable to see you).

Vanquished Creatures
  Jeremiah (D:7)
  A troll (D:7)
  A hornet (D:7)
  A wyvern (D:8)
  A water moccasin (D:8)
  A black bear (D:5)
  3 orc warriors
  An ogre (D:7)
  3 centaurs
  2 bullfrogs
  A gnoll sergeant (D:6)
  5 scorpions
  3 wights (D:6)
  A howler monkey (D:3)
  A jelly (D:6)
  2 hounds (D:5)
  4 orc priests
  2 sleepcaps
  5 iguanas
  8 orc wizards
  7 gnolls
  5 adders
  A white imp (D:5)
  An ufetubus (D:6)
  A worm (D:1)
  A dart slug (D:1)
  27 orcs
  12 ball pythons
  5 endoplasms
  6 giant cockroaches
  12 goblins
  6 hobgoblins
  2 quokkas
  6 bats
  2 frilled lizards
  6 kobolds
  8 rats
155 creatures vanquished.

Notes
Turn   | Place    | Note
-------+----------+-------------------------------------------
     0 | D:1      | Midn8 the Vampire Warper began the quest for the Orb.
     0 | D:1      | Reached XP level 1. HP: 16/16 MP: 3/3
   172 | D:1      | Reached XP level 2. HP: 22/22 MP: 5/5
   229 | D:1      | Reached skill level 3 in Long Blades
   296 | D:1      | Learned a level 2 spell: Blink
   790 | D:1      | Gained mutation: You are afflicted with vampirism and can
                  | become a bat while bloodless. [Vampire growth]
   790 | D:1      | Reached XP level 3. HP: 23/27 MP: 6/6
  1132 | D:1      | Reached skill level 4 in Long Blades
  1396 | D:2      | Reached XP level 4. HP: 33/33 MP: 7/7
  1595 | D:2      | Learned a level 2 spell: Lesser Beckoning
  1942 | D:3      | Noticed a bullfrog
  1950 | D:3      | Killed a bullfrog
  1951 | D:3      | Reached skill level 5 in Long Blades
  1951 | D:3      | Reached XP level 5. HP: 29/38 MP: 8/8
  2298 | D:3      | Found a bloodstained altar of Trog.
  2555 | D:4      | Found a broken altar of Ashenzari.
  2585 | D:3      | Reached skill level 6 in Long Blades
  2702 | D:4      | Reached XP level 6. HP: 42/46 MP: 9/9
  2736 | D:4      | Became a worshipper of Ashenzari the Shackled
  3107 | D:4      | Got the Discursus on the Flashy Body
  3139 | D:4      | Found a staircase to the Ecumenical Temple.
  3166 | D:4      | Found an opulent altar of Gozag.
  3177 | D:4      | Found a shimmering blue altar of Sif Muna.
  3267 | D:4      | Found a sacrificial altar of Ru.
  3318 | D:4      | Found an ornate altar of the Wu Jian Council.
  3487 | D:5      | Entered Level 5 of the Dungeon
  4011 | D:5      | Reached * piety under Ashenzari
  4064 | D:5      | Reached XP level 7. HP: 41/55 MP: 10/10
  4215 | D:5      | Reached skill level 7 in Long Blades
  4736 | D:6      | Reached skill level 5 in Fighting
  4777 | D:6      | Reached ** piety under Ashenzari
  4953 | D:6      | Identified the +3 leather armour of Hide-and-Seek {*Slow
                  | +Blink Int+7 Slay+3}
  4961 | D:6      | Found a sparkling altar of Nemelex Xobeh.
  5006 | D:6      | Found Epeg's CLEARANCE SALE!.
  5011 | D:6      | Bought a +5 vampiric falchion for 108 gold pieces
  5043 | D:6      | Identified the +6 short sword of Dishonesty {flame, Will-
                  | Int+3 Dex+5}
  5176 | D:6      | Reached XP level 8. HP: 61/64 MP: 11/11
  5218 | D:6      | Found a blossoming altar of Fedhas.
  5447 | D:6      | Reached skill level 8 in Long Blades
  5743 | D:7      | Reached skill level 9 in Long Blades
  5928 | D:7      | Noticed a hornet
  5929 | D:7      | Noticed a troll
  5932 | D:7      | Noticed Jeremiah
  5935 | D:7      | Killed a hornet
  5939 | D:7      | Killed a troll
  5940 | D:7      | Reached XP level 9. HP: 23/71 MP: 13/13
  6337 | D:7      | Reached skill level 5 in Translocations
  6452 | D:7      | Identified the +10 chain mail "Cunukuir" {rPois}
  6717 | D:7      | Killed Jeremiah
  7189 | D:8      | Reached skill level 10 in Long Blades
  7352 | D:8      | Paralysed by a hornet for 1 turns
  7363 | D:8      | HP: 3/74 [hornet (7)]
  7366 | D:8      | Mangled by a hornet

Illustrated notes

Levels and vault maps discovered:
D:1:      psy_arrival_fountain, layout_basic, minmay_statues_item,
          nicolae_hexahallways, minmay_bisected
D:2:      cheibrodos_helix_gallery, layout_rooms
D:3:      layout_basic, mainiacjoe_overflow_chevrons
D:4:      layout_loops_ring, grunt_gozag_statues, evilmike_ruin_ashenzari,
          nicolae_overflow_hidden_temple, mainiacjoe_overflow_cross_hatched,
          lemuel_round_altar, mainiacjoe_overflow_surrounded_room,
          minmay_temple_entry_offerings
D:5:      layout_gridville
D:6:      layout_loops_cross, nemelex_xobeh_ov_fountains_minmay,
          kennysheep_little_box, nicolae_shop_clearance
D:7:      layout_loops_cross, kennysheep_big_empty_room, uniq_jeremiah
D:8:      layout_loops_ring, nicolae_tso_carved_into_rock, vehumet_statue,
          lair_entry_dummy, nicolae_shop_firing_range

Skill      XL: |  1  2  3  4  5  6  7  8  9 |
---------------+----------------------------+-----
Long Blades    | 3 4 5 6 7 9 10 | 10.2
Fighting       | 2 4 5 6 |  6.2
Dodging        | 3 4 |  4.3
Translocations | 4 5 |  5.0
Throwing       | |  0.7
Armour         | |  0.7
Spellcasting   | |  2.0

Action                     |  1- 3 |  4- 6 |  7- 9 || total
---------------------------+-------+-------+-------++-------
  Melee: Falchion          |   140 |   203 |   191 ||   534
         Bite              |    12 |    21 |    38 ||    71
         Punch             |     3 |       |     1 ||     4
         Great sword       |       |       |    86 ||    86
  Throw: Dart              |       |     1 |    17 ||    18
         Boomerang         |       |     4 |     8 ||    12
   Cast: Blink             |       |       |     2 ||     2
 Invoke: Curse Item        |       |     2 |     2 ||     4
         Shatter the Chain |       |       |     1 ||     1
    Use: Scroll            |       |     7 |     3 ||    10
         Potion            |       |       |     2 ||     2
   Stab: Sleeping          |     1 |       |       ||     1
 Armour: Leather armour    |    44 |    25 |       ||    69
         Ring mail         |       |    14 |    95 ||   109
  Dodge: Dodged            |    88 |   106 |   155 ||   349
  Block: Buckler           |       |       |     1 ||     1

Table legend: (Time is in decaauts)
 A = Elapsed time spent in this place.
 B = Non-inter-level travel time spent in this place.
 C = Inter-level travel time spent in this place.
 D = Time resting spent in this place.
 E = Time spent auto-exploring this place.
 F = Levels seen in this place.
 G = Mean time per level.
                   A        B        C        D        E       F      G
               +--------+--------+--------+--------+--------+-----+--------+
         Total |   7392 |   6865 |    527 |   1183 |   4114 |   8 |  924.0 |
       Dungeon |   7392 |   6865 |    527 |   1183 |   4114 |   8 |  924.0 |
               +--------+--------+--------+--------+--------+-----+--------+

Top non-repeatable levels by time:
     D:1: 1178 daAuts
     D:7: 1127 daAuts
     D:6: 1112 daAuts
     D:5: 1089 daAuts
     D:4: 958 daAuts
     D:3: 911 daAuts
     D:2: 604 daAuts
     D:8: 409 daAuts
